 Dungeon Crawl Stone Soup version 0.31.0-32-g396128a36d (webtiles) character file.

Game seed: 13645968484125935424

2468 Silvore the Basher (level 9, -2/117 HPs)
             Began as a Minotaur Fighter on Mar 11, 2024.
             Was a Believer of Zin.
             Slain by a gnoll sergeant
             ... wielding a +4 trident of pain
              (6 damage)
             ... on level 5 of the Dungeon.
             The game lasted 00:10:01 (6238 turns).

Silvore the Basher (Minotaur Fighter)               Turns: 6238, Time: 00:10:02

Health: -2/117     AC: 11    Str: 25    XL:     9   Next: 26%
Magic:  8/8        EV: 11    Int:  6    God:    Zin [**....]
Gold:   306        SH:  5    Dex: 12    Spells: 8/8 levels left

rFire   . . .        e - +1 mace
rCold   . . .        c - +0 buckler
rNeg    . . .        b - +0 scale mail
rPois   ∞            (helmet restricted)
rElec   .            t - +1 cloak
rCorr   .            n - +0 pair of gloves
SInv    .            (no boots)
Will    +....        o - amulet of faith Stlth
                     d - ring of willpower
HPRegen 0.39/turn    (no ring)
MPRegen 0.11/turn

%: faith
@: berserking, vitalised, very quick
A: horns 2, retaliatory headbutt
a: Renounce Religion, Recite, Vitalisation, Donate Gold


You were on level 5 of the Dungeon.
You worshipped Zin.
Zin was pleased with you.
You visited 2 branches of the dungeon, and saw 6 of its levels.
You also visited: Sewer and Ossuary.

You collected 339 gold pieces.
You donated 33 gold pieces to Zin.

Inventory:

Hand Weapons
 a - a +0 flail
 e - a +1 mace (weapon)
 r - the +5 quarterstaff "Qedymy" {flame, rF- MP+9 Str+9 Int-5}
   (You found it on level 3 of the Dungeon)

   Str+9:     It affects your strength (+9).
   Int-5:     It affects your intelligence (-5).
   rF-:       It makes you vulnerable to fire.
   MP+9:      It affects your magic capacity (+9).
Armour
 b - a +0 scale mail (worn)
 c - a +0 buckler (worn)
 n - a +0 pair of gloves (worn)
 t - a +1 cloak (worn)
Jewellery
 d - a ring of willpower (left hand)
 o - an amulet of faith (around neck)
Talismans
 x - the beast talisman of the Hippogriff {Int+2 Stlth+}
   (You found it on level 5 of the Dungeon)

   [beast talisman]

   Int+2:     It affects your intelligence (+2).
   Stlth+:    It makes you more stealthy.
   Zin disapproves of the use of such an item.
Wands
 l - a wand of iceblast (6)
 m - a wand of polymorph (1)
 C - a wand of paralysis (14)
Scrolls
 j - 5 scrolls of teleportation
 p - a scroll of silence
 q - a scroll of fear
 w - a scroll of enchant armour
 A - 2 scrolls of summoning
 B - a scroll of vulnerability
Potions
 f - a potion of cancellation
 g - 3 potions of berserk rage
 h - a potion of attraction
 i - 2 potions of enlightenment
 s - a potion of haste {unknown}
 u - 3 potions of curing
 v - a potion of lignification {unknown}
 z - 2 potions of mutation


   Skills:
 + Level 6.9 Fighting
 + Level 9.2 Maces & Flails
 + Level 8.1 Armour
 + Level 4.3 Dodging
 + Level 1.4 Stealth
 + Level 6.2 Shields
 + Level 0.7 Invocations


You had 8 spell levels left.
You didn't know any spells.
Your spell library contained the following spells:

 Spells                   Type           Power      Damage    Failure   Level
 Apportation              Tloc           0%         N/A       77%         1
 Necrotise                Necr           0%         1d4       77%         1
 Sting                    Conj/Alch      0%         1d3       77%         1
 Summon Small Mammal      Summ           0%         N/A       77%         1
 Blink                    Tloc           0%         N/A       88%         2
 Lesser Beckoning         Tloc           0%         N/A       88%         2
 Momentum Strike          Conj/Tloc      0%         3d8       88%         2
 Sublimation of Blood     Necr           0%         N/A       88%         2
 Petrify                  Alch/Erth      0%         N/A       100%        4
 Irradiate                Conj/Alch      0%         3d11      100%        5


Dungeon Overview and Level Annotations

Branches:
Dungeon (5/15)             Temple (1/1) D:5           Sewer (visited)
Ossuary (visited)

Altars:
Dithmenos
Elyvilon
Fedhas
Gozag
Hepliaklqana
Kikubaaqudgha
Makhleb
Nemelex Xobeh
Okawaru
Sif Muna
Trog
Vehumet
Wu Jian
Xom
Yredelemnul
Zin
The Shining One

Shops:
D:1 [

Annotations:
D:5 1 transporter


Innate Abilities, Weirdness & Mutations

You have a pair of horns on your head.
You reflexively headbutt those who attack you in melee.


Message History

The gnoll sergeant is almost dead.
You block the gnoll's attack. The gnoll closely misses you.
The gnoll hits you with a +0 spear.
The gnoll sergeant hits you from afar with a +4 trident of pain.
* * * LOW HITPOINT WARNING * * *
The gnoll sergeant barely misses you.
You hit the gnoll sergeant.
The gnoll sergeant is almost dead.
The gnoll is no longer moving quickly.
You block the gnoll's attack. The gnoll closely misses you.
The gnoll hits you but does no damage.
The gnoll sergeant hits you from afar with a +4 trident of pain.
* * * LOW HITPOINT WARNING * * *
The gnoll sergeant hits you with a +0 spear.
* * * LOW HITPOINT WARNING * * *
The gnoll hits you but does no damage.
The gnoll sergeant hits you from afar with a +0 spear.
* * * LOW HITPOINT WARNING * * *
Items here: )) // ††.
The gnoll attacks as it pursues you!
The gnoll hits you from afar with a +0 spear.
* * * LOW HITPOINT WARNING * * *
You see here a staff of earth.
A red film seems to cover your vision as you go berserk!
You feel yourself moving faster!
You feel mighty!
The gnoll hits you from afar with a +0 spear.
* * * LOW HITPOINT WARNING * * *
You feel a strong urge to attack something.
The gnoll sergeant misses you. The gnoll hits you with a +0 spear.
* * * LOW HITPOINT WARNING * * *
You see here a staff of earth.
You sock the gnoll!
You kill the gnoll!
You are ready to recite again.
You block the gnoll sergeant's attack.
You see here a +0 spear.
You hit the gnoll sergeant but do no damage.
The gnoll sergeant hits you from afar with a +0 spear.
* * * LOW HITPOINT WARNING * * *
The gnoll sergeant hits you with a +4 trident of pain.
You die...

##..#.#.###.###.#....#
...<.......#####..##.#######
...........................#
.≈≈≈≈≈≈≈≈≈≈≈...≈≈≈≈≈≈≈≈≈≈≈.#
.≈≈b≈≈≈≈≈≈≈≈...≈≈≈≈≈≈≈≈≈≈≈.#
.≈≈#####...........#####≈≈.#
.≈≈#g#.#.###.©.###.#.#.#≈≈.#
.≈≈#...###©#####.###...#≈≈.#
.≈≈###.......ggg@|...###≈≈.#
.≈≈.8#$##'###g######.#8.≈≈.#
.≈≈.##.#...#$.8#...#.##.≈≈.#
.~~.#g.'....g©g#:..'..#.~~.#
.≈≈.##.#...#..8#..$#.##.≈≈.#
.≈≈.8#.##'###'######.#8.≈≈.#
.≈≈###.....g.........###≈≈.#
.≈≈#g..###g#####.###...#≈≈.#
.≈≈#.#.#.###.©.###.#.#.#≈≈.#


You could see 2 gnoll sergeants and 2 gnolls.

Vanquished Creatures
  The ghost of lonewolfV2 the Trooper, a novice FoFi of Qazlal (D:4)
  The ghost of RatsInWalls the Ducker, a novice HuWn (D:5)
  Sigmund (D:3)
  2 ogres (D:5)
  A centaur (D:5)
  3 kobold brigands (Sewer)
  A brain worm (Sewer)
  A gnoll sergeant (D:5)
  3 scorpions
  A bombardier beetle (D:5)
  A howler monkey (D:5)
  4 hounds
  A jelly (D:4)
  Crazy Yiuf (D:3)
  An orc priest (D:4)
  A gnoll bouda (D:5)
  Ijyb (D:3)
  Jessica (D:3)
  2 iguanas
  4 scorpion zombies (Ossuary)
  5 orc wizards (D:4)
  3 mummies (Ossuary)
  4 gnolls (D:5)
  10 adders
  4 river rats
  2 adder zombies (Ossuary)
  2 ribbon worms (Sewer)
  3 dart slugs
  10 orcs
  4 bats
  10 endoplasms
  9 giant cockroaches
  3 gnoll zombies (Ossuary)
  2 hobgoblins
  2 jackals (D:1)
  6 quokkas
  7 ball pythons
  3 frilled lizards
  5 goblins
  4 jackal zombies (Ossuary)
  15 kobolds
  4 kobold zombies (Ossuary)
  2 rats
151 creatures vanquished.

Notes
Turn   | Place    | Note
-------+----------+-------------------------------------------
     0 | D:1      | Silvore the Minotaur Fighter began the quest for the Orb.
     0 | D:1      | Reached XP level 1. HP: 19/19 MP: 0/0
   113 | D:1      | Reached XP level 2. HP: 26/27 MP: 1/1
   452 | D:1      | Found Vepoluth's Armour Shop.
  1086 | D:2      | Reached XP level 3. HP: 34/34 MP: 2/2
  1504 | D:3      | Noticed Ijyb
  1517 | D:3      | Killed Ijyb
  1518 | D:3      | Reached skill level 3 in Maces & Flails
  1656 | D:3      | Noticed Sigmund
  1662 | D:3      | Killed Sigmund
  1663 | D:3      | Reached skill level 4 in Maces & Flails
  1663 | D:3      | Reached skill level 1 in Dodging
  1663 | D:3      | Reached XP level 4. HP: 41/41 MP: 3/3
  1663 | D:3      | Reached XP level 5. HP: 47/47 MP: 4/4
  2016 | D:3      | Found a faded altar of an unknown god.
  2030 | D:3      | Identified the +5 quarterstaff "Qedymy" {flame, rF- MP+9
                  | Str+9 Int-5}
  2062 | D:3      | Noticed Jessica
  2069 | D:3      | Killed Jessica
  2070 | D:3      | Reached skill level 5 in Fighting
  2070 | D:3      | Reached XP level 6. HP: 37/56 MP: 5/5
  2213 | D:3      | Reached skill level 5 in Maces & Flails
  2463 | D:3      | Found a basalt altar of Yredelemnul.
  2627 | D:3      | Found a runed translucent door.
  2628 | D:3      | Noticed Crazy Yiuf
  2657 | D:3      | Killed Crazy Yiuf
  2772 | D:4      | Reached skill level 5 in Armour
  2868 | D:4      | Found a sand-covered staircase.
  2878 | Ossuary  | Entered an ossuary
  2906 | Ossuary  | Reached XP level 7. HP: 50/61 MP: 6/6
  2944 | Ossuary  | Reached skill level 6 in Maces & Flails
  2959 | Ossuary  | Reached skill level 1 in Stealth
  3017 | Ossuary  | Reached skill level 5 in Shields
  3569 | D:4      | Found a runed translucent door.
  3576 | D:4      | Noticed lonewolfV2's ghost (novice FoFi)
  3591 | D:4      | Reached skill level 7 in Maces & Flails
  3625 | D:4      | Killed lonewolfV2's ghost
  3626 | D:4      | Reached XP level 8. HP: 56/70 MP: 7/7
  3630 | D:4      | Found a runed translucent door.
  4136 | D:4      | Found an opulent altar of Gozag.
  4136 | D:4      | Found a faded altar of an unknown god.
  4143 | D:4      | Found a glowing golden altar of the Shining One.
  4145 | D:4      | Found an ancient bone altar of Kikubaaqudgha.
  4147 | D:4      | Found a shadowy altar of Dithmenos.
  4156 | D:4      | Reached skill level 8 in Maces & Flails
  4171 | D:4      | Became a worshipper of the Shining One
  4290 | D:5      | Entered Level 5 of the Dungeon
  4337 | D:5      | Found a staircase to the Ecumenical Temple.
  4355 | Temple   | Entered the Ecumenical Temple
  4365 | Temple   | Fell from the grace of the Shining One
  4365 | Temple   | Became a worshipper of Zin the Law-Giver
  4365 | Temple   | Reached * piety under Zin
  4424 | D:5      | Reached ** piety under Zin
  4478 | D:5      | Found a glowing drain.
  4515 | Sewer    | Entered a sewer
  5375 | D:5      | Found a shimmering altar of Xom.
  5457 | D:5      | Identified the beast talisman of the Hippogriff {Int+2
                  | Stlth+}
  5478 | D:5      | Found a transporter.
  5479 | D:5      | Found a transporter.
  5482 | D:5      | Identified the +1 kite shield of the Slorg {rElec rC+ rN+
                  | rCorr}
  5499 | D:5      | Noticed RatsInWalls's ghost (novice HuWn)
  5689 | D:5      | Reached XP level 9. HP: 43/78 MP: 8/8
  6170 | D:5      | Identified the ring "Laloveust" {Int+3 Slay+4}
  6211 | D:5      | Killed RatsInWalls's ghost
  6212 | D:5      | Reached skill level 9 in Maces & Flails
  6235 | D:5      | HP: 5/117 [gnoll/+0 spear (5)]
  6238 | D:5      | Slain by a gnoll sergeant

Illustrated notes

Levels and vault maps discovered:
D:1:      lemuel_arrival_river_ford, layout_basic, serial_shops,
          nicolae_shop_behind_doors, corexii_corridor_pit
D:2:      layout_basic, minmay_misc_feat_square
D:3:      layout_loops_corners, mainiacjoe_overflow_alcove_4,
          shapermc_ecumenical_altar_starsandcircs, uniq_ijyb, uniq_sigmund,
          uniq_crazy_yiuf_cottage, uniq_jessica
D:4:      layout_layer_cave, chequers_temple_overflow_minitemple,
          ebering_ghost_sewer_f, mainiacjoe_ossuary_entry_dusty_tomb,
          minmay_a_box_with_orc_wizards_in_it
D:5:      layout_loops_cross, xom_butterflies, minmay_temple_entry_offerings,
          gup_sewer_entry_glass, gammafunk_ghost_gnarly_gnolls,
          hangedman_abyss_or_decor_stagger
Temple:   chequers_temple_sunken

Skill      XL: |  1  2  3  4  5  6  7  8  9 |
---------------+----------------------------+-----
Fighting       | 4 5 6 |  6.9
Shields        | 4 5 6 |  6.2
Maces & Flails | 4 5 7 8 9 |  9.2
Armour         | 4 5 6 7 8 |  8.1
Dodging        | 1 2 3 4 |  4.3
Stealth        | 1 |  1.4
Invocations    | |  0.7

Action                     |  1- 3 |  4- 6 |  7- 9 || total
---------------------------+-------+-------+-------++-------
  Melee: Flail             |     5 |       |       ||     5
         Mace              |    70 |    77 |   345 ||   492
         Headbutt          |    14 |    15 |    52 ||    81
 Invoke: Recite            |       |       |     2 ||     2
         Vitalisation      |       |       |     1 ||     1
    Use: Scroll            |     5 |     3 |    11 ||    19
         Potion            |       |       |     5 ||     5
 Armour: Scale mail        |    57 |    51 |   281 ||   389
  Dodge: Dodged            |    51 |    38 |   170 ||   259
  Block: Buckler           |    25 |    17 |    93 ||   135
